 Dungeon Crawl Stone Soup version 0.28.0-62-gf88900778d (webtiles) character file.

Game seed: 18095016085536921899

103 Coron the Sneak (level 4, 19/42 HPs)
             Began as a Deep Dwarf Delver on Mar 28, 2023.
             Was a Believer of Lugonu.
             Quit the game on level 1 of the Dungeon.
             The game lasted 00:05:24 (1057 turns).

Coron the Sneak (Deep Dwarf Delver)                 Turns: 1057, Time: 00:05:25

Health: 19/42      AC:  3    Str: 17    XL:     4   Next: 51%
Magic:  4/4        EV: 12    Int: 11    God:    Lugonu [**....]
Gold:   72         SH:  0    Dex: 14    Spells: 3/3 levels left

rFire   . . .      SeeInvis .   a - +0 hand axe
rCold   . . .      Faith    .   (no shield)
rNeg    . . .      Spirit   .   b - +0 leather armour
rPois   .          Reflect  .   (no helmet)
rElec   .          Harm     .   (no cloak)
rCorr   +          Rampage  .   (no gloves)
Will    .....                   (no boots)
Stlth   +++.......              (no amulet)
HPRegen 0.00/turn               k - ring of resist corrosion
MPRegen 0.09/turn               t - ring of wizardry

@: no status effects
A: damage resistance, heal wounds, sense surroundings 1, no regeneration
a: Heal Wounds, Renounce Religion, Depart the Abyss, Bend Space


You were on level 1 of the Dungeon.
You worshipped Lugonu.
Lugonu was pleased with you.
You visited 1 branch of the dungeon, and saw 5 of its levels.

You collected 72 gold pieces.

Inventory:

Hand Weapons
 a - a +0 hand axe (weapon)
 p - a +0 hunting sling
Missiles
 s - 44 stones
Armour
 b - a +0 leather armour (worn)
 l - a +0 chain mail
 q - a +0 plate armour
 w - a +0 scale mail
Jewellery
 k - a ring of resist corrosion (left hand)
 t - a ring of wizardry (right hand)
Wands
 g - a wand of digging (3)
 m - a wand of flame (20)
Scrolls
 c - a scroll of fog
 d - a scroll of magic mapping
 e - 2 scrolls of fear
 i - a scroll of teleportation {unknown}
 j - a scroll of identify
 n - a scroll of amnesia {unknown}
 o - a scroll of brand weapon {unknown}
 u - a scroll of blinking {unknown}
 v - a scroll of noise {unknown}
Potions
 f - 2 potions of haste
 h - 2 potions of brilliance
 r - a potion of might {unknown}
 x - a potion of magic {unknown}


   Skills:
 - Level 3.0 Fighting
 - Level 3.0 Axes
 + Level 3.3 Armour
 - Level 3.0 Dodging
 - Level 6.0 Stealth


You had 3 spell levels left.
You didn't know any spells.
Your spell library contained the following spells:

 Spells                   Type           Power      Damage    Failure   Level
 Static Discharge         Conj/Air       0%         N/A       26%         2
 Dispel Undead            Necr           0%         3d6       82%         4
 Sticky Flame             Conj/Fire      0%         2d3       82%         4


Dungeon Overview and Level Annotations

Branches:
Dungeon (5/15)
 Temple: D:4-7

Altars:
Lugonu


Innate Abilities, Weirdness & Mutations

You are resistant to damage.
You can heal yourself by infusing magical energy.
You passively map a small area around you.
You do not regenerate.


Message History

There is an open door here.
You open the door.
Found a scale mail.
There is an open door here.
A kobold comes into view. It is wielding a +0 club.
The kobold shouts!
The kobold completely misses you.
You slash the kobold!
You kill the kobold!
s - 44 stones (gained 1)
You see here a +0 club.
You see here a +0 scale mail.
w - a +0 scale mail
h - 2 potions of brilliance (gained 1)
An endoplasm comes into view.
Found a whip.
An endoplasm is nearby!
You see here a +0 whip.
The helpless endoplasm fails to defend itself.
You hit the endoplasm.
The endoplasm is heavily wounded.
The endoplasm freezes you.
You are frozen.
You hit the endoplasm.
You kill the endoplasm!
You open the door.
An endoplasm comes into view.
Found a fizzy cyan potion.
Found a faded altar of an unknown god.
There is an open door here.
You see here a fizzy cyan potion.
x - a fizzy cyan potion The helpless endoplasm fails to defend itself.
You slash the endoplasm!
You kill the endoplasm!
There is a faded altar of an unknown god here.
You cannot tell which god this altar belongs to.
Convert to them anyway?
Lugonu accepts your prayer! Lugonu welcomes you!
You can now depart the Abyss.
You can now bend space around yourself.
Are you sure you want to abandon this character and quit the game? (Confirm with "yes".)

#.# #######.# #.#
#..>....# ..##
#.#####..)..... *
...###.# #.####### ,
.......# #+### *##+ *
...##### *#..###..#
......# #...8...# ,
......# #.....#
.#############..@..#
,, .#
#.......##.....##
#####.......#...8...#
............#..###..#*
.......####.'### ##+
.......# #### ,*
#......# , .......# *
#......#


There were no monsters in sight!

Vanquished Creatures
  A bullfrog skeleton (D:5)
  2 gnolls
  2 adders (D:3)
  An ufetubus (D:4)
  An adder zombie (D:5)
  An orc (D:3)
  2 ball pythons (D:1)
  2 bats
  4 endoplasms
  2 goblins
  2 hobgoblins
  4 kobolds (D:1)
  A frilled lizard (D:2)
  2 rats
27 creatures vanquished.

Notes
Turn   | Place    | Note
-------+----------+-------------------------------------------
     0 | D:5      | Coron the Deep Dwarf Delver began the quest for the Orb.
     0 | D:5      | Reached XP level 1. HP: 20/20 MP: 1/1
    33 | D:5      | Reached XP level 2. HP: 14/28 MP: 2/2
    33 | D:5      | Reached XP level 3. HP: 17/34 MP: 3/3
    89 | D:5      | Reached skill level 1 in Armour
   371 | D:2      | You fall into a shaft and drop 2 floors!
   375 | D:4      | Noticed a scorpion
   447 | D:3      | Reached XP level 4. HP: 27/42 MP: 4/4
  1048 | D:1      | Found a faded altar of an unknown god.
  1056 | D:1      | Prayed at the altar of an unknown god.
  1056 | D:1      | Became a worshipper of Lugonu the Unformed
  1056 | D:1      | Reached * piety under Lugonu
  1056 | D:1      | Reached ** piety under Lugonu
  1057 | D:1      | Quit the game

Illustrated notes

Levels and vault maps discovered:
D:1:      nzn_arrival_depleted_hourglass, layout_basic,
          hellmonk_ecumenical_altar_slurped_away, minmay_tripent
D:2:      layout_loops_ring, serial_co_window_serial, co_window_paths_b,
          co_window_corner_a, co_window_paths_b, co_window_of_opportunity_a,
          co_window_of_opportunity_a, co_window_2corner,
          co_window_unsneaky_path_e, co_window_of_opportunity_b,
          co_window_paths_c, co_window_corner_b, glass_columns_a,
          glass_columns_b, glass_columns_a
D:3:      layout_loops_ring, minmay_splitting_lines, hex_tiny,
          kennysheep_generic_room_15, uniq_crazy_yiuf_cottage
D:4:      layout_gridville, uniq_grinder
D:5:      layout_rooms, corexii_item_surrounded_by_moat, uniq_sigmund

Skill      XL: |  1  2  3  4 |
---------------+-------------+-----
Fighting       | 3 |  3.0
Axes           | 3 |  3.0
Dodging        | 3 |  3.0
Armour         | 2 3 |  3.3
Stealth        | |  6.0

Action                   |  1- 3 |  4- 6 || total
-------------------------+-------+-------++-------
Melee: Hand axe          |    60 |    36 ||    96
       Punch             |     1 |       ||     1
 Fire: Hunting sling     |       |     4 ||     4
 Abil: Heal Wounds       |     1 |       ||     1
  Use: Scroll            |     1 |       ||     1
 Stab: Sleeping          |     1 |     7 ||     8
Armor: Leather armour    |    22 |    10 ||    32
Dodge: Dodged            |    31 |    16 ||    47
